2715 views
Uploaded 2021-09-12 07:34:47
Game version 1.32.10
10:40 long 4on4 ladder game on (8)Sanctuary_LV
Saved by Teelo
2715 views
Uploaded 2021-09-12 07:34:47
Game version 1.32.10
10:40 long 4on4 ladder game on (8)Sanctuary_LV

87 units @ 10.9k
/ 0.8k
61 buildings @ 10.1k
/ 3.9k

| Scroll of Town Portal | 1 | 350 |
| Scroll of Healing | 2 | 500 |
| Potion of Lesser Invulnerability | 1 | 150 |
| total: | 4 | 1000g |
| Wisp | 19 | 1140 | / | 0 |
| Huntress | 10 | 1950 | / | 200 |
| Forest Troll High Priest | 1 | 305 | / | 40 |
| total: | 30 | 3395g | / | 240w |
| Ancient Protector | 2 | 270 | / | 160 |
| Moon Well | 6 | 1080 | / | 240 |
| Hunter's Hall | 1 | 210 | / | 100 |
| Ancient of War | 2 | 300 | / | 120 |
| Altar of Elders | 1 | 180 | / | 50 |
| Ancient of Wonders | 1 | 90 | / | 30 |
| Tree of Life | 1 | 340 | / | 185 |
| Tree of Ages | 1 | 320 | / | 180 |
| total: | 14 | 2470g | / | 885w |
| 0:04 | Wisp |
| 0:04 | Wisp |
| 0:06 | Moon Well |
| 0:06 | Wisp |
| 0:22 | Wisp |
| 0:23 | Wisp |
| 0:43 | Wisp |
| 0:50 | Wisp |
| 0:54 | Wisp |
| 1:08 | Hunter's Hall |
| 1:11 | Ancient of War |
| 1:13 | Wisp |
| 1:29 | Wisp |
| 1:33 | Moon Well |
| 1:39 | Wisp |
| 1:57 | Altar of Elders |
| 2:08 | Wisp |
| 2:17 | Huntress |
| 2:33 | Ancient of Wonders |
| 2:36 | Wisp |
| 2:49 | Huntress |
| 2:57 | Wisp |
| 3:13 | Moon Well |
| 3:15 | Moon Well |
| 3:30 | Breath of Fire |
| 3:50 | Ancient of War |
| 4:02 | Tree of Ages |
| 4:34 | Huntress |
| 5:04 | Drunken Haze |
| 5:07 | Huntress |
| 5:27 | Moon Well |
| 5:40 | Huntress |
| 6:12 | Tree of Life |
| 6:23 | Moon Glaive |
| 6:37 | Breath of Fire |
| 6:48 | Ancient Protector |
| 6:49 | Ancient Protector |
| 7:12 | Strength of the Moon |
| 7:17 | Huntress |
| 8:35 | Huntress |
| 8:35 | Huntress |
| 8:35 | Huntress |
| 8:49 | Wisp |
| 8:49 | Wisp |
| 8:49 | Wisp |
| 8:49 | Wisp |
| 8:55 | Wisp |
| 9:07 | Drunken Brawler |
| 9:28 | Improved Strength of the Moon |
| 9:31 | Moon Well |
| 9:46 | Forest Troll High Priest |
| 9:56 | Huntress |
| 10:23 | Scroll of Town Portal |
| 10:31 | Potion of Lesser Invulnerability |
| 10:32 | Scroll of Healing |
| 10:34 | Scroll of Healing |
| Right click | 245 |
| Select | 163 |
| Assign group | 117 |
| Select group | 86 |
| Build/train/purchase | 49 |
| Misc. action | 46 |
| Use ability | 10 |
| Chat | 5 |
| Esc | 3 |
| Minimap ping | 3 |
| Item give/drop | 1 |


| Acolyte | 8 | 600 | / | 0 |
| Ghoul | 7 | 840 | / | 0 |
| Crypt Fiend | 2 | 430 | / | 80 |
| Goblin Shredder | 1 | 375 | / | 100 |
| total: | 18 | 2245g | / | 180w |
| Ziggurat | 8 | 1200 | / | 400 |
| Altar of Darkness | 1 | 180 | / | 50 |
| Crypt | 2 | 400 | / | 100 |
| Graveyard | 1 | 215 | / | 0 |
| Tomb of Relics | 1 | 130 | / | 30 |
| Sacrificial Pit | 1 | 75 | / | 150 |
| Halls of the Dead | 1 | 320 | / | 210 |
| Black Citadel | 1 | 325 | / | 230 |
| total: | 14 | 2200g | / | 730w |
| 0:07 | Ziggurat |
| 0:11 | Ziggurat |
| 0:14 | Altar of Darkness |
| 0:25 | Acolyte |
| 0:33 | Acolyte |
| 1:04 | Crypt |
| 1:28 | Graveyard |
| 1:41 | Ziggurat |
| 2:07 | Ghoul |
| 2:07 | Ghoul |
| 2:16 | Carrion Swarm |
| 2:25 | Tomb of Relics |
| 2:55 | Ghoul |
| 3:01 | Crypt |
| 3:23 | Ghoul |
| 3:25 | Ghoul |
| 3:31 | Backpack |
| 3:58 | Halls of the Dead |
| 4:25 | Ghoul |
| 4:52 | Unholy Armor |
| 4:56 | Ghoul |
| 5:03 | Cannibalize |
| 5:42 | Vampiric Aura |
| 5:58 | Crypt Fiend |
| 6:26 | Crypt Fiend |
| 6:40 | Ziggurat |
| 6:49 | Sacrificial Pit |
| 6:57 | Vampiric Aura |
| 7:39 | Goblin Shredder |
| 8:43 | Creature Carapace |
| 8:49 | Acolyte |
| 8:49 | Acolyte |
| 8:49 | Acolyte |
| 8:49 | Acolyte |
| 8:49 | Acolyte |
| 8:49 | Acolyte |
| 9:14 | Frost Nova |
| 9:58 | Ziggurat |
| 10:01 | Ziggurat |
| 10:04 | Ziggurat |
| 10:06 | Ziggurat |
| 10:12 | Web |
| 10:14 | Black Citadel |
| 10:26 | Frost Armor |
| Select | 119 |
| Right click | 116 |
| Build/train/purchase | 37 |
| Select group | 34 |
| Use ability | 12 |
| Assign group | 10 |
| Item give/drop | 3 |
| Misc. action | 1 |
| Remove unit | 1 |


| Healing Salve | 5 | 500 |
| Lesser Clarity Potion | 3 | 210 |
| Orb of Lightning | 2 | 750 |
| Scroll of Town Portal | 1 | 350 |
| total: | 11 | 1810g |
| Peon | 10 | 750 | / | 0 |
| Grunt | 5 | 1000 | / | 0 |
| Kodo Beast | 1 | 255 | / | 60 |
| Raider | 1 | 180 | / | 40 |
| total: | 17 | 2185g | / | 100w |
| Watch Tower | 3 | 330 | / | 240 |
| Altar of Storms | 1 | 180 | / | 50 |
| Orc Burrow | 5 | 800 | / | 200 |
| Barracks | 1 | 180 | / | 50 |
| Voodoo Lounge | 1 | 130 | / | 30 |
| War Mill | 1 | 205 | / | 0 |
| Great Hall | 1 | 385 | / | 185 |
| Beastiary | 2 | 290 | / | 280 |
| Stronghold | 2 | 630 | / | 380 |
| Fortress | 1 | 325 | / | 190 |
| total: | 15 | 2500g | / | 1035w |
| 0:09 | Peon |
| 0:09 | Peon |
| 0:15 | Altar of Storms |
| 0:16 | Orc Burrow |
| 0:20 | Peon |
| 0:42 | Peon |
| 0:56 | Barracks |
| 1:01 | Peon |
| 1:15 | Peon |
| 1:33 | Voodoo Lounge |
| 1:37 | Peon |
| 1:48 | Orc Burrow |
| 2:05 | Grunt |
| 2:05 | Grunt |
| 2:12 | Peon |
| 2:12 | Peon |
| 2:43 | Grunt |
| 2:46 | Peon |
| 2:51 | Endurance Aura |
| 3:11 | Stronghold |
| 3:31 | Grunt |
| 3:32 | Grunt |
| 3:52 | War Mill |
| 4:00 | Healing Salve |
| 4:41 | War Stomp |
| 4:48 | Orc Burrow |
| 4:50 | Orc Burrow |
| 5:12 | Steel Armor |
| 5:35 | Berserker Strength |
| 5:37 | Beastiary |
| 5:39 | Beastiary |
| 5:56 | Reinforced Defenses |
| 6:01 | Healing Salve |
| 6:09 | Fortress |
| 6:30 | Orc Burrow |
| 6:48 | War Stomp |
| 7:21 | Watch Tower |
| 7:54 | Healing Salve |
| 7:54 | Healing Salve |
| 7:54 | Lesser Clarity Potion |
| 7:55 | Lesser Clarity Potion |
| 8:22 | Great Hall |
| 8:25 | Lesser Clarity Potion |
| 8:31 | Spiked Barricades |
| 8:46 | Scroll of Town Portal |
| 8:56 | Orb of Lightning |
| 8:56 | Orb of Lightning |
| 9:03 | Hex |
| 9:23 | Kodo Beast |
| 9:33 | War Drums Damage Increase |
| 10:13 | Raider |
| 10:13 | Ensnare |
| 10:19 | Watch Tower |
| 10:21 | Watch Tower |
| 10:29 | Healing Salve |
| 10:40 | Steel Melee Weapons |
| Select group | 750 |
| Right click | 617 |
| Select | 227 |
| Misc. action | 129 |
| Build/train/purchase | 52 |
| Use ability | 23 |
| Assign group | 22 |
| Item give/drop | 4 |
| Minimap ping | 1 |



| Orb of Corruption | 1 | 375 |
| total: | 1 | 375g |
| Acolyte | 7 | 525 | / | 0 |
| Ghoul | 7 | 840 | / | 0 |
| Crypt Fiend | 8 | 1720 | / | 320 |
| total: | 22 | 3085g | / | 320w |
| Graveyard | 2 | 430 | / | 0 |
| Crypt | 1 | 200 | / | 50 |
| Ziggurat | 8 | 1200 | / | 400 |
| Altar of Darkness | 1 | 180 | / | 50 |
| Necropolis | 1 | 225 | / | 0 |
| Tomb of Relics | 1 | 130 | / | 30 |
| Sacrificial Pit | 1 | 75 | / | 150 |
| Boneyard | 3 | 525 | / | 600 |
| Halls of the Dead | 3 | 960 | / | 630 |
| Black Citadel | 2 | 650 | / | 460 |
| total: | 18 | 2965g | / | 1280w |
| 0:03 | Acolyte |
| 0:11 | Acolyte |
| 0:16 | Graveyard |
| 0:18 | Crypt |
| 0:40 | Ziggurat |
| 0:57 | Altar of Darkness |
| 1:20 | Ghoul |
| 1:25 | Ziggurat |
| 1:37 | Ghoul |
| 1:37 | Ghoul |
| 1:58 | Crypt Fiend |
| 1:58 | Crypt Fiend |
| 1:58 | Crypt Fiend |
| 2:20 | Crypt Fiend |
| 2:20 | Crypt Fiend |
| 2:20 | Crypt Fiend |
| 2:38 | Ziggurat |
| 2:58 | Carrion Beetles |
| 3:00 | Crypt Fiend |
| 3:35 | Crypt Fiend |
| 3:37 | Acolyte |
| 3:56 | Halls of the Dead |
| 3:57 | Halls of the Dead |
| 4:11 | Ghoul |
| 4:12 | Ghoul |
| 4:39 | Necropolis |
| 4:55 | Impale |
| 4:55 | Impale |
| 5:10 | Ghoul |
| 5:11 | Ghoul |
| 5:41 | Carrion Beetles |
| 5:41 | Carrion Beetles |
| 6:30 | Black Citadel |
| 6:40 | Acolyte |
| 6:41 | Acolyte |
| 6:41 | Acolyte |
| 6:41 | Acolyte |
| 6:46 | Sacrificial Pit |
| 7:23 | Tomb of Relics |
| 7:29 | Death Coil |
| 7:29 | Death Coil |
| 8:37 | Impale |
| 8:37 | Impale |
| 8:59 | Boneyard |
| 9:02 | Boneyard |
| 9:09 | Boneyard |
| 9:27 | Ziggurat |
| 9:30 | Web |
| 9:32 | Ziggurat |
| 9:33 | Ziggurat |
| 9:37 | Ziggurat |
| 9:40 | Unholy Aura |
| 9:40 | Unholy Aura |
| 9:45 | Ziggurat |
| 9:48 | Graveyard |
| 10:05 | Orb of Corruption |
| 10:07 | Frost Nova |
| Right click | 371 |
| Select group | 139 |
| Select | 103 |
| Build/train/purchase | 55 |
| Assign group | 17 |
| Misc. action | 15 |
| Use ability | 6 |
| Item give/drop | 2 |
73 units @ 8k
/ 0.8k
55 buildings @ 8.6k
/ 3.4k


| Peasant | 7 | 525 | / | 0 |
| Rifleman | 1 | 205 | / | 30 |
| Gryphon Rider | 2 | 560 | / | 140 |
| total: | 10 | 1290g | / | 170w |
| Altar of Kings | 1 | 180 | / | 50 |
| Blacksmith | 1 | 140 | / | 60 |
| Farm | 8 | 640 | / | 160 |
| Lumber Mill | 1 | 120 | / | 0 |
| Barracks | 1 | 160 | / | 60 |
| Gryphon Aviary | 3 | 420 | / | 450 |
| Keep | 1 | 320 | / | 210 |
| Castle | 1 | 360 | / | 210 |
| total: | 15 | 1660g | / | 780w |
| 0:09 | Altar of Kings |
| 0:16 | Blacksmith |
| 0:19 | Farm |
| 0:22 | Peasant |
| 0:32 | Peasant |
| 0:41 | Peasant |
| 1:16 | Peasant |
| 1:19 | Lumber Mill |
| 1:24 | Peasant |
| 1:36 | Farm |
| 1:51 | Peasant |
| 2:10 | Storm Bolt |
| 2:21 | Barracks |
| 2:22 | Improved Lumber Harvesting |
| 2:23 | Peasant |
| 2:47 | Farm |
| 3:09 | Keep |
| 3:23 | Farm |
| 3:45 | Rifleman |
| 3:55 | Farm |
| 4:38 | Farm |
| 4:39 | Farm |
| 4:40 | Farm |
| 4:43 | Black Gunpowder |
| 4:43 | Iron Forged Swords |
| 4:55 | Bash |
| 6:15 | Castle |
| 6:40 | Holy Light |
| 6:46 | Gryphon Aviary |
| 6:48 | Gryphon Aviary |
| 6:51 | Gryphon Aviary |
| 7:40 | Storm Bolt |
| 8:21 | Steel Forged Swords |
| 8:33 | Divine Shield |
| 9:24 | Storm Hammers |
| 10:38 | Gryphon Rider |
| 10:39 | Gryphon Rider |
| Right click | 182 |
| Select | 129 |
| Build/train/purchase | 26 |
| Use ability | 14 |
| Chat | 8 |
| Misc. action | 4 |
| Minimap ping | 2 |


| Wisp | 17 | 1020 | / | 0 |
| Archer | 7 | 910 | / | 70 |
| Dryad | 2 | 290 | / | 120 |
| total: | 26 | 2220g | / | 190w |
| Ancient of War | 1 | 150 | / | 60 |
| Altar of Elders | 1 | 180 | / | 50 |
| Moon Well | 7 | 1260 | / | 280 |
| Hunter's Hall | 1 | 210 | / | 100 |
| Tree of Life | 1 | 340 | / | 185 |
| Ancient of Lore | 3 | 465 | / | 435 |
| Tree of Ages | 2 | 640 | / | 360 |
| total: | 14 | 2605g | / | 1110w |
| 0:04 | Wisp |
| 0:06 | Wisp |
| 0:14 | Ancient of War |
| 0:19 | Altar of Elders |
| 0:27 | Moon Well |
| 0:30 | Wisp |
| 0:43 | Wisp |
| 1:20 | Archer |
| 1:26 | Wisp |
| 1:28 | Wisp |
| 1:40 | Archer |
| 1:47 | Moon Well |
| 2:09 | Wisp |
| 2:17 | Moon Well |
| 2:20 | Evasion |
| 2:41 | Archer |
| 2:46 | Wisp |
| 3:03 | Archer |
| 3:18 | Tree of Ages |
| 3:49 | Archer |
| 3:53 | Hunter's Hall |
| 4:18 | Archer |
| 4:26 | Mana Burn |
| 4:42 | Tree of Life |
| 4:48 | Archer |
| 4:54 | Moon Well |
| 5:07 | Moon Well |
| 5:49 | Ancient of Lore |
| 5:51 | Ancient of Lore |
| 6:14 | Moon Well |
| 6:19 | Wisp |
| 6:19 | Wisp |
| 6:56 | Mana Burn |
| 7:16 | Moon Well |
| 7:19 | Abolish Magic |
| 7:28 | Wisp |
| 7:28 | Wisp |
| 7:31 | Wisp |
| 7:31 | Wisp |
| 7:31 | Wisp |
| 7:33 | Wisp |
| 7:33 | Wisp |
| 8:21 | Force of Nature |
| 8:39 | Ancient of Lore |
| 8:41 | Dryad |
| 8:41 | Dryad |
| Right click | 207 |
| Select | 104 |
| Build/train/purchase | 35 |
| Chat | 19 |
| Select group | 14 |
| Assign group | 9 |
| Use ability | 4 |
| Minimap ping | 4 |
| Misc. action | 2 |

| Healing Salve | 2 | 200 |
| Lesser Clarity Potion | 1 | 70 |
| Potion of Healing | 2 | 300 |
| total: | 5 | 570g |
| Peon | 14 | 1050 | / | 0 |
| Troll Headhunter | 4 | 560 | / | 80 |
| total: | 18 | 1610g | / | 80w |
| Altar of Storms | 1 | 180 | / | 50 |
| Orc Burrow | 6 | 960 | / | 240 |
| Barracks | 2 | 360 | / | 100 |
| Voodoo Lounge | 1 | 130 | / | 30 |
| War Mill | 1 | 205 | / | 0 |
| Great Hall | 1 | 385 | / | 185 |
| Spirit Lodge | 2 | 300 | / | 300 |
| Stronghold | 1 | 315 | / | 190 |
| Fortress | 1 | 325 | / | 190 |
| total: | 14 | 2520g | / | 905w |
| 0:08 | Peon |
| 0:08 | Peon |
| 0:08 | Peon |
| 0:08 | Peon |
| 1:02 | Peon |
| 1:02 | Peon |
| 1:08 | Altar of Storms |
| 1:13 | Orc Burrow |
| 1:16 | Peon |
| 1:44 | Orc Burrow |
| 2:06 | Barracks |
| 2:08 | Barracks |
| 2:16 | Voodoo Lounge |
| 2:19 | Peon |
| 2:19 | Peon |
| 2:19 | Peon |
| 2:36 | War Mill |
| 3:03 | Orc Burrow |
| 3:23 | Orc Burrow |
| 3:46 | Stronghold |
| 4:06 | Troll Headhunter |
| 4:23 | War Stomp |
| 4:34 | Troll Headhunter |
| 5:04 | Troll Headhunter |
| 5:23 | Healing Salve |
| 5:24 | Lesser Clarity Potion |
| 5:56 | Steel Ranged Weapons |
| 5:56 | Steel Armor |
| 6:12 | Troll Regeneration |
| 6:26 | Endurance Aura |
| 6:38 | Great Hall |
| 7:05 | Spirit Lodge |
| 7:18 | Fortress |
| 7:25 | War Stomp |
| 8:02 | Potion of Healing |
| 8:05 | Potion of Healing |
| 8:37 | Orc Burrow |
| 8:43 | Orc Burrow |
| 8:45 | Reinforced Defenses |
| 8:50 | Spirit Lodge |
| 9:02 | Healing Salve |
| 9:24 | Peon |
| 9:24 | Peon |
| 9:24 | Peon |
| 9:25 | Peon |
| 9:29 | Troll Headhunter |
| 9:44 | Berserker Upgrade |
| Right click | 226 |
| Select | 103 |
| Build/train/purchase | 61 |
| Chat | 26 |
| Select group | 20 |
| Use ability | 7 |
| Assign group | 3 |
| Minimap ping | 2 |

| Rod of Necromancy | 2 | 300 |
| Sacrificial Skull | 1 | 50 |
| Lesser Clarity Potion | 1 | 70 |
| Scroll of Town Portal | 1 | 350 |
| Healing Salve | 1 | 100 |
| total: | 6 | 870g |
| Acolyte | 7 | 525 | / | 0 |
| Ghoul | 4 | 480 | / | 0 |
| Crypt Fiend | 7 | 1505 | / | 280 |
| Goblin Shredder | 1 | 375 | / | 100 |
| total: | 19 | 2885g | / | 380w |
| Nerubian Tower | 1 | 100 | / | 20 |
| Spirit Tower | 4 | 580 | / | 160 |
| Altar of Darkness | 1 | 180 | / | 50 |
| Ziggurat | 7 | 1050 | / | 350 |
| Crypt | 1 | 200 | / | 50 |
| Tomb of Relics | 1 | 130 | / | 30 |
| Graveyard | 1 | 215 | / | 0 |
| Sacrificial Pit | 1 | 75 | / | 150 |
| Halls of the Dead | 1 | 320 | / | 210 |
| Black Citadel | 1 | 325 | / | 230 |
| total: | 12 | 1850g | / | 630w |
| 0:02 | Acolyte |
| 0:02 | Acolyte |
| 0:07 | Altar of Darkness |
| 0:11 | Ziggurat |
| 0:32 | Crypt |
| 0:50 | Tomb of Relics |
| 1:11 | Nerubian Tower |
| 1:22 | Graveyard |
| 1:40 | Ziggurat |
| 1:51 | Ghoul |
| 2:11 | Death Coil |
| 2:18 | Ghoul |
| 2:18 | Ghoul |
| 2:30 | Rod of Necromancy |
| 2:44 | Ghoul |
| 3:08 | Crypt Fiend |
| 3:43 | Acolyte |
| 3:44 | Crypt Fiend |
| 4:07 | Halls of the Dead |
| 4:11 | Sacrificial Skull |
| 4:15 | Rod of Necromancy |
| 4:31 | Creature Attack |
| 4:45 | Unholy Aura |
| 5:14 | Ziggurat |
| 5:43 | Crypt Fiend |
| 5:54 | Creature Carapace |
| 6:03 | Crypt Fiend |
| 6:06 | Ziggurat |
| 6:08 | Spirit Tower |
| 6:25 | Goblin Shredder |
| 6:33 | Acolyte |
| 6:49 | Death Coil |
| 6:59 | Spirit Tower |
| 7:00 | Crypt Fiend |
| 7:11 | Web |
| 7:16 | Acolyte |
| 7:46 | Acolyte |
| 7:47 | Acolyte |
| 7:58 | Crypt Fiend |
| 8:20 | Burrow |
| 8:21 | Black Citadel |
| 8:37 | Improved Creature Attack |
| 8:40 | Scroll of Town Portal |
| 8:42 | Lesser Clarity Potion |
| 8:45 | Healing Salve |
| 8:53 | Spirit Tower |
| 9:06 | Ziggurat |
| 9:16 | Sacrificial Pit |
| 9:18 | Improved Creature Carapace |
| 9:37 | Crypt Fiend |
| 9:39 | Ziggurat |
| 9:41 | Ziggurat |
| 10:12 | Spirit Tower |
| 10:16 | Unholy Aura |
| Select group | 219 |
| Chat | 206 |
| Right click | 121 |
| Assign group | 111 |
| Select | 106 |
| Build/train/purchase | 64 |
| Misc. action | 62 |
| Use ability | 15 |
| Esc | 2 |
| Minimap ping | 2 |
| Item give/drop | 1 |
⇛